 Dungeon Crawl Stone Soup version 0.27-a0-498-g7ecbb0a48f (webtiles) character file.

Game seed: 6376516148386604836

69134 lookazoo the Thaumaturge (level 15, -9/115 HPs)
             Began as a Gnoll Ice Elementalist on Mar 2, 2021.
             Was a High Priest of Ashenzari.
             Killed from afar by a fire dragon (30 damage)
             ... with a blast of flame
             ... on level 6 of the Lair of Beasts on Mar 3, 2021.
             The game lasted 01:45:03 (23631 turns).

lookazoo the Thaumaturge (Gnoll Ice Elementalist)  Turns: 23631, Time: 01:45:04

Health: -9/115     AC: 22    Str: 10    XL:     15   Next: 28%
Magic:  14/39      EV: 20    Int: 19    God:    Ashenzari [*****.]
Gold:   1412       SH:  0    Dex: 12    Spells: 16/36 levels left

rFire    . . .     SeeInvis +   P - +4 quarterstaff of Ashenzari's Seer {spect, Fort, Evo} (curse)
rCold    . . .     Faith    .   (shield currently unavailable)
rNeg     . . .     Spirit   .   R - +0 troll leather armour "Sibylline Seer" {Regen+, Cun, Melee} (curse)
rPois    .         Reflect  .   K - +1 hat of the Lashed Doubts {Will+, Elem, Cun} (curse)
rElec    .         Harm     .   L - +0 cloak of the Tethered Comet {Fort, Alch} (curse)
rCorr    +         Rampage  .   E - +0 pair of gloves "Fallacy of Ashenzari" {Range, Melee} (curse)
Will     +....     Clarity  +   H - +2 pair of boots of Ashenzari's Annoyance {Will- rCorr MP+9 Slay+5, Bglg, Alch} (curse)
Stlth    ++++++....             (no amulet)
HPRegen  1.29/turn              (no ring)
MPRegen  0.26/turn              k - ring "Share My Submission" {Wiz, Cun, Elem} (curse)

@: lethally poisoned (-9 -> -17), ice-armoured
A: distributed training, fangs 1, strong nose
a: Renounce Religion, Shatter the Chains


You were on level 6 of the Lair of Beasts.
You worshipped Ashenzari.
Ashenzari was extremely pleased with you.
You visited 3 branches of the dungeon, and saw 20 of its levels.
You also visited: Gauntlet.

You collected 1412 gold pieces.

Inventory:

Hand Weapons
 F - the +7 longbow of the Wolf {freeze, rC+ Int+4 Stlth+}
   (You took it off a minotaur in a Gauntlet)

   It causes projectiles fired from it to freeze those they strike, causing
   extra injury to most foes and up to half again as much damage against
   particularly susceptible opponents.
   They can also slow down cold-blooded creatures.
   It affects your intelligence (+4).
   It protects you from cold.
   It makes you more stealthy.
 I - a +4 flail
 M - the +7 spear "Ytab" {elec, rN+}
   (You took it off a spriggan on level 2 of the Lair of Beasts)

   Occasionally, upon striking a foe, it can discharge electrical energy and
   cause terrible harm.
   It protects you from negative energy.
 P - the cursed +4 quarterstaff of Ashenzari's Seer (weapon) {spect, Fort, Evo}
   (You took it off Joseph on level 7 of the Dungeon)

   When it strikes, its spirit leaps out and fights alongside the wielder.
   It has a curse placed upon it.
Missiles
 d - 336 arrows
 y - 33 poisoned darts
 G - 21 silver javelins
 X - 7 curare-tipped darts
Armour
 q - a +0 pair of gloves
 A - +0 ice dragon scales
 E - the cursed +0 pair of gloves "Fallacy of Ashenzari" (worn) {Range, Melee}
   (You found it on level 4 of the Dungeon)

   It has a curse placed upon it.
 H - the cursed +2 pair of boots of Ashenzari's Annoyance (worn) {Will- rCorr MP+9 Slay+5, Bglg, Alch}
   (You found it on level 5 of the Dungeon)

   It affects your accuracy and damage with ranged weapons and melee attacks
   (+5).
   It affects your willpower, your defense against some magical effects.
   It affects your magic capacity (+9).
   It provides partial protection from all sources of acid and corrosion.
   It has a curse placed upon it.
 K - the cursed +1 hat of the Lashed Doubts (worn) {Will+, Elem, Cun}
   (You took it off Gastronok on level 2 of the Lair of Beasts)

   It has a curse placed upon it.
 L - the cursed +0 cloak of the Tethered Comet (worn) {Fort, Alch}
   (You found it on level 6 of the Dungeon)

   It has a curse placed upon it.
 R - the cursed +0 troll leather armour "Sibylline Seer" (worn) {Regen+, Cun, Melee}
   (You found it on level 7 of the Dungeon)

   It increases your rate of regeneration.
   It has a curse placed upon it.
 W - +0 acid dragon scales
Magical Staves
 Y - a staff of cold
Jewellery
 k - the cursed ring "Share My Submission" (right hand) {Wiz, Cun, Elem}
   (You found it on level 2 of the Lair of Beasts)

   [ring of wizardry]

   It improves your spell success rate.
   It has a curse placed upon it.
 Q - a +4 ring of evasion
Wands
 a - a wand of charming (9)
 b - a wand of paralysis (9)
 s - a wand of polymorph (32)
 v - a wand of mindburst (9)
 O - a wand of random effects (20)
 U - a wand of iceblast (15)
 V - a wand of digging (2)
 Z - a wand of flame (38)
Scrolls
 e - 2 scrolls of torment
 f - 19 scrolls of identify
 h - 3 scrolls of blinking
 i - 8 scrolls of teleportation
 u - 3 scrolls of enchant armour
 x - a scroll of enchant weapon
 B - 3 scrolls of amnesia
 J - a scroll of brand weapon
 S - 2 scrolls of fear
Potions
 c - 2 potions of cancellation
 g - 9 potions of ambrosia
 j - 3 potions of flight
 m - 6 potions of might
 n - 6 potions of brilliance
 o - 4 potions of haste
 p - a potion of curing
 r - 9 potions of lignification
 t - a potion of magic
 z - 5 potions of degeneration
 C - a potion of heal wounds
 D - 4 potions of mutation
 N - a potion of berserk rage


   Skills:
 + Level 9.9 Fighting
 + Level 9.9(14.9) Short Blades
 + Level 9.9(14.9) Long Blades
 + Level 9.9(14.9) Axes
 + Level 9.9(14.9) Maces & Flails
 + Level 9.9(14.9) Polearms
 + Level 9.9(14.9) Staves
 + Level 9.9(13.1) Slings
 + Level 9.9(13.1) Bows
 + Level 9.9(13.1) Crossbows
 + Level 9.9(13.1) Throwing
 + Level 9.9(14.9) Armour
 + Level 10.9(17.3) Dodging
 + Level 10.7(17.1) Stealth
 + Level 9.9(14.9) Shields
 + Level 9.9(14.9) Unarmed Combat
 + Level 11.0 Spellcasting
 + Level 8.3(11.6) Conjurations
 + Level 8.3(11.6) Hexes
 + Level 8.3 Summonings
 + Level 8.3 Necromancy
 + Level 8.3(11.6) Translocations
 + Level 8.3(13.4) Transmutations
 + Level 8.3(13.4) Fire Magic
 + Level 10.9(15.7) Ice Magic
 + Level 8.3(13.4) Air Magic
 + Level 8.3(13.4) Earth Magic
 + Level 8.3(13.4) Poison Magic
 + Level 10.7 Invocations
 + Level 9.9(13.1) Evocations


You had 16 spell levels left.
You knew the following spells:

 Your Spells              Type           Power        Failure   Level
a - Freeze                Ice            100%         0%          1
b - Frozen Ramparts       Ice            100%         1%          3
c - Ozocubu's Armour      Ice            63%          1%          3
d - Summon Ice Beast      Ice/Summ       54%          1%          4
e - Summon Lightning Spi  Summ/Air       51%          1%          4
f - Agony                 Necr           42%          3%          5

Your spell library contained the following spells:

 Spells                   Type           Power        Failure   Level
 Animate Skeleton         Necr           84%          1%          1
 Beastly Appendage        Tmut           100%         1%          1
 Pain                     Necr           100%         1%          1
 Summon Small Mammal      Summ           100%         1%          1
 Call Imp                 Summ           42%          1%          2
 Wereblood                Tmut           57%          1%          2
 Call Canine Familiar     Summ           42%          1%          3
 Spider Form              Tmut/Pois      28%          1%          3
 Summon Guardian Golem    Hex/Summ       48%          1%          3
 Vampiric Draining        Necr           21%          1%          3
 Animate Dead             Necr           21%          1%          4
 Hailstorm                Conj/Ice       58%          1%          4
 Ice Form                 Ice/Tmut       60%          1%          4
 Blade Hands              Tmut           28%          1%          5


Dungeon Overview and Level Annotations

Branches:
Dungeon (13/15)            Temple (1/1) D:5            Lair (6/6) D:9
  Swamp (0/4) Lair:2       Spider (0/4) Lair:2          Orc (0/2) D:10
 Vaults (0/5) D:13        Gauntlet (visited)
  Slime: Lair:5-6

Altars:
Ashenzari
Cheibriados
Dithmenos
Elyvilon
Fedhas
Gozag
Hepliaklqana
Kikubaaqudgha
Makhleb
Nemelex Xobeh
Okawaru
Qazlal
Ru
Sif Muna
Trog
Uskayaw
Vehumet
Wu Jian
Xom
Yredelemnul
Zin
The Shining One

Shops:
D:3 *

Annotations:
D:7 2 runed translucent doors
Lair:3 exclusion: 2 oklob plants
Lair:5 exclusion: oklob plant
Lair:6 3 runed translucent doors, Ynietresch's ghost, journeyman MiBe


Innate Abilities, Weirdness & Mutations

Your experience applies equally to all skills.
You have very sharp teeth.
Your uncanny sense of smell can sniff out nearby items.


Message History

Your ice beast barely misses the acid dragon.
The acid dragon bites your ice beast! The acid dragon claws your ice beast.
Your ice beast dies!
There are monsters nearby!
You bludgeon the fire dragon!!
The fire dragon is heavily wounded.
Your spectral weapon barely misses the fire dragon.
You feel sick.
The fire dragon bites you but does no damage.
The fire dragon claws you but does no damage.
The fire dragon tramples you.
You hold your ground!
You sock the fire dragon!
The fire dragon is heavily wounded.
Your spectral weapon hits the fire dragon.
You feel sick. The fire dragon barely misses you.
The fire dragon closely misses you. The fire dragon barely misses you.
Casting: Ozocubu's Armour (safe; 1% risk of failure)
Confirm with . or Enter, or press ? or * to list all spells.
A chill wind blows around you.
You feel sick.
The acid dragon bites something.
The acid dragon claws something but does no damage.
The swamp dragon completely misses you. The swamp dragon claws you.
* * * LOW HITPOINT WARNING * * *
The swamp dragon completely misses you.
The fire dragon bites you but does no damage.
The fire dragon claws you.
* * * LOW HITPOINT WARNING * * *
The fire dragon tramples you but does no damage.
There are monsters nearby!
Casting: Summon Ice Beast (safe; 1% risk of failure)
Confirm with . or Enter, or press ? or * to list all spells.
A chill wind blows around you.
You feel very sick.
The acid dragon spits acid at something.
The swamp dragon breathes poison at you.
The blast of poison engulfs you.
You are more poisoned.
* * * LOW HITPOINT WARNING * * *
The fire dragon breathes flames at you. The blast of flame hits you!!
You die...

♣≈≈≈≈≈..♣♣.≈≈♣♣≈≈♣..♣♣#.
♣≈≈≈≈≈.♣♣♣≈≈..♣♣≈≈.♣♣##.
♣≈≈≈≈≈°♣♣≈≈≈.♣♣♣≈...♣♣#.
♣♣≈≈≈≈D♣♣♣≈≈..♣..♣≈≈♣♣##.
♣♣.≈≈≈.8♣♣♣≈..♣..♣♣≈≈♣♣#.
♣♣≈.≈≈.♣♣.≈.♣♣..♣♣♣≈.♣♣#.
♣♣♣...≈Y≈≈☼.♣...♣♣≈.♣♣♣#.
#♣♣.†.YDD☼☼♣♣♣♣.♣♣[≈♣♣♣#.
##♣♣..≈☼@P♣♣♣♣♣♣♣♣.≈≈♣♣#.
###♣♣♣♣♣♣♣♣♣♣####..≈.≈.#.
##############......)...
###....................
*, ,, .............. *,,
,.............. ,,,
.............. ,
...........†.. ,
,,............


You could see a fire dragon (catching breath, ally target), a swamp dragon
(catching breath), an acid dragon (catching breath) and 2 friendly ice beasts.

Vanquished Creatures
  Gastronok (Lair:2)
  A minotaur (Gauntlet)
  Snorg (D:10)
  Fannar (D:10)
  The ghost of Xavori the Unseen, a journeyman OpCK of Xom (Lair:2)
  A boulder beetle (Lair:3)
  10 hydras
  5 two-headed ogres
  A centaur warrior (D:13)
  2 vault guards (D:13)
  Urug (Lair:1)
  A deep elf knight (D:13)
  Sonja (D:10)
  2 spriggans (Lair:2)
  Nergalle (Lair:1)
  2 bog bodies (Lair:2)
  A deep elf pyromancer (D:13)
  3 ugly things
  A worldbinder (Gauntlet)
  Joseph (D:7)
  2 centaur zombies
  4 black mambas
  8 elephants
  A torpor snail (Lair:3)
  18 cane toads
  A gargoyle (D:11)
  4 rime drakes
  A freezing wraith (D:13)
  5 komodo dragons
  A harpy zombie (D:13)
  3 meliai (D:13)
  A queen bee (D:13)
  4 polar bears
  3 trolls
  4 slime creatures (D:12)
  14 dream sheep
  3 hornets
  10 blink frogs (Lair:6)
  3 redbacks (Lair:2)
  A shadow (D:12)
  30 yaks
  A vampire (D:13)
  4 wyverns
  A wraith (D:12)
  Eustachio (D:4)
  5 basilisks
  Menkaure (D:7)
  4 steam dragons
  2 acid dragons
  3 soldier ants (D:7)
  Duvessa (D:4)
  20 water moccasins
  4 ice beasts
  8 orc warriors
  2 black bears (D:8)
  4 sky beasts
  5 ogres
  A boggart (Gauntlet)
  14 wolves
  10 centaurs
  2 phantoms
  5 kobold brigands
  A wyvern zombie (D:13)
  14 bullfrogs
  2 scorpions
  A wyvern skeleton (D:10)
  Dowan (D:4)
  6 wights
  38 killer bees
  A howler monkey (D:10)
  The ghost of noodleboyJ the Conjurer, a weakling DrCj (D:3)
  An electric eel (Lair:4)
  4 bullfrog zombies
  2 bullfrog skeletons
  10 hounds
  6 jellies
  8 orc priests
  5 centaur skeletons
  Crazy Yiuf (D:7)
  11 iguanas
  18 orc wizards
  12 worker ants
  A killer bee zombie (D:7)
  A hound zombie (D:5)
  2 worker ant zombies
  A howler monkey skeleton (D:5)
  9 adders
  A shadow imp (D:6)
  2 ufetubi (D:5)
  3 oozes
  3 adder skeletons
  A worm (D:3)
  4 dart slugs
  5 leopard geckos
  72 orcs
  A ball python (D:6)
  8 giant cockroaches
  8 goblins
  5 hobgoblins
  4 quokkas
  6 bats
  5 frilled lizards
  16 kobolds
  5 rats
563 creatures vanquished.

Vanquished Creatures (collateral kills)
  2 vault guards (D:13)
  An ice dragon (D:12)
  An ugly thing (D:12)
  An elephant (Lair:5)
  A manticore (D:13)
  2 rime drakes
  A komodo dragon (Lair:1)
  A troll (D:13)
  A polar bear (Lair:2)
  4 blink frogs (Lair:6)
  A dream sheep (Lair:3)
  A steam dragon (Lair:6)
  10 centaurs
  A worker ant (D:13)
  3 orcs
31 creatures vanquished.

Vanquished Creatures (others)
  A polar bear (D:12)
  A boggart (Gauntlet)
  A quokka (D:11)
  14 fungi
  27 plants
44 creatures vanquished.

Grand Total: 638 creatures vanquished

Notes
Turn   | Place    | Note
-------+----------+-------------------------------------------
     0 | D:1      | lookazoo the Gnoll Ice Elementalist began the quest for the
                  | Orb.
     0 | D:1      | Reached XP level 1. HP: 13/13 MP: 6/6
   477 | D:1      | Reached XP level 2. HP: 19/19 MP: 5/7
  1537 | D:2      | Reached XP level 3. HP: 24/25 MP: 9/9
  1715 | D:2      | Found a sacrificial altar of Ru.
  1777 | D:2      | Reached skill level 5 in Spellcasting
  2063 | D:2      | Reached skill level 1 in Invocations
  2172 | D:2      | Learned a level 3 spell: Frozen Ramparts
  2176 | D:2      | Learned a level 3 spell: Ozocubu's Armour
  2251 | D:2      | Reached skill level 1 in Fighting
  2251 | D:2      | Reached skill level 1 in Short Blades
  2251 | D:2      | Reached skill level 1 in Long Blades
  2251 | D:2      | Reached skill level 1 in Axes
  2251 | D:2      | Reached skill level 1 in Maces & Flails
  2251 | D:2      | Reached skill level 1 in Polearms
  2251 | D:2      | Reached skill level 1 in Staves
  2251 | D:2      | Reached skill level 1 in Slings
  2251 | D:2      | Reached skill level 1 in Bows
  2251 | D:2      | Reached skill level 1 in Crossbows
  2251 | D:2      | Reached skill level 1 in Throwing
  2251 | D:2      | Reached skill level 1 in Armour
  2251 | D:2      | Reached skill level 1 in Shields
  2251 | D:2      | Reached skill level 1 in Unarmed Combat
  2251 | D:2      | Reached skill level 1 in Evocations
  2392 | D:3      | Reached XP level 4. HP: 22/32 MP: 7/11
  2397 | D:3      | Learned a level 4 spell: Summon Ice Beast
  2620 | D:3      | Found an opulent altar of Gozag.
  2638 | D:3      | Found Gozag's Platinum Reserve.
  2799 | D:3      | Reached skill level 1 in Conjurations
  2799 | D:3      | Reached skill level 1 in Hexes
  2799 | D:3      | Reached skill level 1 in Summonings
  2799 | D:3      | Reached skill level 1 in Necromancy
  2799 | D:3      | Reached skill level 1 in Translocations
  2799 | D:3      | Reached skill level 1 in Transmutations
  2799 | D:3      | Reached skill level 1 in Fire Magic
  2799 | D:3      | Reached skill level 1 in Air Magic
  2799 | D:3      | Reached skill level 1 in Earth Magic
  2799 | D:3      | Reached skill level 1 in Poison Magic
  3073 | D:3      | Found a runed translucent door.
  3073 | D:3      | Noticed noodleboyJ's ghost (weakling DrCj)
  3397 | D:3      | Killed noodleboyJ's ghost
  3398 | D:3      | Reached XP level 5. HP: 37/37 MP: 2/12
  3905 | D:4      | Reached XP level 6. HP: 41/44 MP: 6/13
  4125 | D:4      | Noticed Eustachio
  4125 | D:4      | Noticed Duvessa
  4125 | D:4      | Noticed Dowan
  4165 | D:4      | Killed Eustachio
  4166 | D:4      | Reached skill level 5 in Dodging
  4300 | D:4      | Killed Dowan
  4301 | D:4      | Reached XP level 7. HP: 49/50 MP: 8/15
  4323 | D:4      | Killed Duvessa
  4820 | D:4      | Found a glowing golden altar of the Shining One.
  5099 | D:5      | Entered Level 5 of the Dungeon
  5100 | D:5      | Found a staircase to the Ecumenical Temple.
  5114 | Temple   | Entered the Ecumenical Temple
  5266 | Temple   | Became a worshipper of Ashenzari the Shackled
  5506 | D:5      | Identified the +2 pair of boots of the Lion {Will- rCorr
                  | MP+9 Slay+5}
  5683 | D:5      | Reached skill level 5 in Stealth
  5797 | D:5      | Reached XP level 8. HP: 38/57 MP: 16/16
  6486 | D:6      | Reached skill level 6 in Spellcasting
  7043 | D:6      | Reached XP level 9. HP: 65/65 MP: 18/18
  7177 | D:7      | Found a shimmering altar of Xom.
  7536 | D:7      | Reached * piety under Ashenzari
  7749 | D:7      | Noticed Joseph
  7767 | D:7      | Killed Joseph
  8072 | D:7      | Noticed Menkaure
  8080 | D:7      | Killed Menkaure
  8493 | D:7      | Found a burning altar of Makhleb.
  8560 | D:7      | Found a runed translucent door.
  8562 | D:7      | Found a runed translucent gate.
  8562 | D:7      | Found a runed translucent gate.
  8570 | D:7      | Found a runed translucent gate.
  8570 | D:7      | Noticed a troll
  8583 | D:7      | Killed a troll
  8584 | D:7      | Reached skill level 5 in Invocations
  8759 | D:7      | Found a runed translucent door.
  8784 | D:7      | Found the +9 staff of Olgreb {rPois∞}
  8826 | D:7      | Reached skill level 7 in Spellcasting
  8827 | D:7      | Reached XP level 10. HP: 63/76 MP: 22/22
  9117 | D:7      | Reached skill level 5 in Fighting
  9117 | D:7      | Reached skill level 5 in Short Blades
  9117 | D:7      | Reached skill level 5 in Long Blades
  9117 | D:7      | Reached skill level 5 in Axes
  9117 | D:7      | Reached skill level 5 in Maces & Flails
  9117 | D:7      | Reached skill level 5 in Polearms
  9117 | D:7      | Reached skill level 5 in Staves
  9117 | D:7      | Reached skill level 5 in Slings
  9117 | D:7      | Reached skill level 5 in Bows
  9117 | D:7      | Reached skill level 5 in Crossbows
  9117 | D:7      | Reached skill level 5 in Throwing
  9117 | D:7      | Reached skill level 5 in Armour
  9117 | D:7      | Reached skill level 5 in Shields
  9117 | D:7      | Reached skill level 5 in Unarmed Combat
  9117 | D:7      | Reached skill level 5 in Evocations
  9540 | D:7      | Found a runed translucent door.
  9541 | D:7      | Noticed Crazy Yiuf
  9550 | D:7      | Killed Crazy Yiuf
  9791 | D:8      | Found a glowing golden altar of the Shining One.
 10608 | D:9      | Noticed a two-headed ogre
 10976 | D:9      | Reached ** piety under Ashenzari
 10989 | D:9      | Killed a two-headed ogre
 10990 | D:9      | Reached XP level 11. HP: 65/85 MP: 24/24
 11006 | D:9      | Noticed a two-headed ogre
 11017 | D:9      | Killed a two-headed ogre
 11018 | D:9      | Reached skill level 5 in Conjurations
 11018 | D:9      | Reached skill level 5 in Hexes
 11018 | D:9      | Reached skill level 5 in Summonings
 11018 | D:9      | Reached skill level 5 in Necromancy
 11018 | D:9      | Reached skill level 5 in Translocations
 11018 | D:9      | Reached skill level 5 in Transmutations
 11018 | D:9      | Reached skill level 5 in Fire Magic
 11018 | D:9      | Reached skill level 5 in Air Magic
 11018 | D:9      | Reached skill level 5 in Earth Magic
 11018 | D:9      | Reached skill level 5 in Poison Magic
 11296 | D:9      | Reached skill level 8 in Spellcasting
 11370 | D:9      | Found a staircase to the Lair.
 11560 | D:10     | Entered Level 10 of the Dungeon
 11680 | D:10     | Reached *** piety under Ashenzari
 11711 | D:10     | Identified the cursed +4 quarterstaff of Ashenzari's Seer
                  | {spect, Fort, Evo} (You took it off Joseph on level 7 of
                  | the Dungeon)
 11762 | D:10     | Identified the cursed +4 quarterstaff of Ashenzari's Seer
                  | {spect, Fort, Evo} (You took it off Joseph on level 7 of
                  | the Dungeon)
 11776 | D:10     | Identified the cursed +4 quarterstaff of Ashenzari's Seer
                  | {spect, Fort, Evo} (You took it off Joseph on level 7 of
                  | the Dungeon)
 11861 | D:10     | Noticed Sonja
 11906 | D:10     | Killed Sonja
 11906 | D:10     | Identified the cursed +4 quarterstaff of Ashenzari's Seer
                  | {spect, Fort, Evo} (You took it off Joseph on level 7 of
                  | the Dungeon)
 12054 | D:10     | Identified the cursed +4 quarterstaff of Ashenzari's Seer
                  | {spect, Fort, Evo} (You took it off Joseph on level 7 of
                  | the Dungeon)
 12062 | D:10     | Identified the cursed +4 quarterstaff of Ashenzari's Seer
                  | {spect, Fort, Evo} (You took it off Joseph on level 7 of
                  | the Dungeon)
 12067 | D:10     | Identified the cursed +4 quarterstaff of Ashenzari's Seer
                  | {spect, Fort, Evo} (You took it off Joseph on level 7 of
                  | the Dungeon)
 12069 | D:10     | Identified the cursed +4 quarterstaff of Ashenzari's Seer
                  | {spect, Fort, Evo} (You took it off Joseph on level 7 of
                  | the Dungeon)
 12075 | D:10     | Identified the cursed +4 quarterstaff of Ashenzari's Seer
                  | {spect, Fort, Evo} (You took it off Joseph on level 7 of
                  | the Dungeon)
 12082 | D:10     | Found a staircase to the Orcish Mines.
 12201 | D:10     | Identified the cursed +4 quarterstaff of Ashenzari's Seer
                  | {spect, Fort, Evo} (You took it off Joseph on level 7 of
                  | the Dungeon)
 12222 | D:10     | Identified the cursed +4 quarterstaff of Ashenzari's Seer
                  | {spect, Fort, Evo} (You took it off Joseph on level 7 of
                  | the Dungeon)
 12224 | D:10     | Identified the cursed +4 quarterstaff of Ashenzari's Seer
                  | {spect, Fort, Evo} (You took it off Joseph on level 7 of
                  | the Dungeon)
 12227 | D:10     | Identified the cursed +4 quarterstaff of Ashenzari's Seer
                  | {spect, Fort, Evo} (You took it off Joseph on level 7 of
                  | the Dungeon)
 12263 | D:10     | Identified the cursed +4 quarterstaff of Ashenzari's Seer
                  | {spect, Fort, Evo} (You took it off Joseph on level 7 of
                  | the Dungeon)
 12267 | D:10     | Identified the cursed +4 quarterstaff of Ashenzari's Seer
                  | {spect, Fort, Evo} (You took it off Joseph on level 7 of
                  | the Dungeon)
 12269 | D:10     | Identified the cursed +4 quarterstaff of Ashenzari's Seer
                  | {spect, Fort, Evo} (You took it off Joseph on level 7 of
                  | the Dungeon)
 12271 | D:10     | Identified the cursed +4 quarterstaff of Ashenzari's Seer
                  | {spect, Fort, Evo} (You took it off Joseph on level 7 of
                  | the Dungeon)
 12274 | D:10     | Identified the cursed +4 quarterstaff of Ashenzari's Seer
                  | {spect, Fort, Evo} (You took it off Joseph on level 7 of
                  | the Dungeon)
 12276 | D:10     | Identified the cursed +4 quarterstaff of Ashenzari's Seer
                  | {spect, Fort, Evo} (You took it off Joseph on level 7 of
                  | the Dungeon)
 12279 | D:10     | Identified the cursed +4 quarterstaff of Ashenzari's Seer
                  | {spect, Fort, Evo} (You took it off Joseph on level 7 of
                  | the Dungeon)
 12282 | D:10     | Identified the cursed +4 quarterstaff of Ashenzari's Seer
                  | {spect, Fort, Evo} (You took it off Joseph on level 7 of
                  | the Dungeon)
 12286 | D:10     | Identified the cursed +4 quarterstaff of Ashenzari's Seer
                  | {spect, Fort, Evo} (You took it off Joseph on level 7 of
                  | the Dungeon)
 12296 | D:10     | Reached **** piety under Ashenzari
 12450 | D:10     | Noticed Snorg
 12455 | D:10     | Noticed Fannar
 12466 | D:10     | Identified the cursed +4 quarterstaff of Ashenzari's Seer
                  | {spect, Fort, Evo} (You took it off Joseph on level 7 of
                  | the Dungeon)
 12469 | D:10     | Identified the cursed +4 quarterstaff of Ashenzari's Seer
                  | {spect, Fort, Evo} (You took it off Joseph on level 7 of
                  | the Dungeon)
 12476 | D:10     | Killed Fannar
 12497 | D:10     | Identified the cursed +4 quarterstaff of Ashenzari's Seer
                  | {spect, Fort, Evo} (You took it off Joseph on level 7 of
                  | the Dungeon)
 12554 | D:10     | Identified the cursed +4 quarterstaff of Ashenzari's Seer
                  | {spect, Fort, Evo} (You took it off Joseph on level 7 of
                  | the Dungeon)
 12559 | D:10     | Killed Snorg
 12618 | D:10     | Identified the cursed +4 quarterstaff of Ashenzari's Seer
                  | {spect, Fort, Evo} (You took it off Joseph on level 7 of
                  | the Dungeon)
 12798 | D:10     | Identified the cursed +4 quarterstaff of Ashenzari's Seer
                  | {spect, Fort, Evo} (You took it off Joseph on level 7 of
                  | the Dungeon)
 13005 | D:11     | Identified the cursed +4 quarterstaff of Ashenzari's Seer
                  | {spect, Fort, Evo} (You took it off Joseph on level 7 of
                  | the Dungeon)
 13162 | D:11     | Identified the cursed +4 quarterstaff of Ashenzari's Seer
                  | {spect, Fort, Evo} (You took it off Joseph on level 7 of
                  | the Dungeon)
 13167 | D:11     | Noticed a two-headed ogre
 13171 | D:11     | Identified the cursed +4 quarterstaff of Ashenzari's Seer
                  | {spect, Fort, Evo} (You took it off Joseph on level 7 of
                  | the Dungeon)
 13174 | D:11     | Killed a two-headed ogre
 13174 | D:11     | Identified the cursed +4 quarterstaff of Ashenzari's Seer
                  | {spect, Fort, Evo} (You took it off Joseph on level 7 of
                  | the Dungeon)
 13175 | D:11     | Reached XP level 12. HP: 84/97 MP: 27/27
 13383 | D:11     | Identified the cursed +4 quarterstaff of Ashenzari's Seer
                  | {spect, Fort, Evo} (You took it off Joseph on level 7 of
                  | the Dungeon)
 13487 | D:11     | Found a white marble altar of Elyvilon.
 13583 | D:11     | Identified the cursed +4 quarterstaff of Ashenzari's Seer
                  | {spect, Fort, Evo} (You took it off Joseph on level 7 of
                  | the Dungeon)
 13858 | D:11     | Identified the cursed +4 quarterstaff of Ashenzari's Seer
                  | {spect, Fort, Evo} (You took it off Joseph on level 7 of
                  | the Dungeon)
 14078 | D:11     | Identified the cursed +4 quarterstaff of Ashenzari's Seer
                  | {spect, Fort, Evo} (You took it off Joseph on level 7 of
                  | the Dungeon)
 14120 | D:12     | Identified the cursed +4 quarterstaff of Ashenzari's Seer
                  | {spect, Fort, Evo} (You took it off Joseph on level 7 of
                  | the Dungeon)
 14127 | D:12     | Identified the cursed +4 quarterstaff of Ashenzari's Seer
                  | {spect, Fort, Evo} (You took it off Joseph on level 7 of
                  | the Dungeon)
 14224 | D:12     | Identified the cursed +4 quarterstaff of Ashenzari's Seer
                  | {spect, Fort, Evo} (You took it off Joseph on level 7 of
                  | the Dungeon)
 14227 | D:12     | Identified the cursed +4 quarterstaff of Ashenzari's Seer
                  | {spect, Fort, Evo} (You took it off Joseph on level 7 of
                  | the Dungeon)
 14311 | D:12     | Learned a level 4 spell: Summon Lightning Spire
 14336 | D:12     | Identified the cursed +4 quarterstaff of Ashenzari's Seer
                  | {spect, Fort, Evo} (You took it off Joseph on level 7 of
                  | the Dungeon)
 14339 | D:12     | Identified the cursed +4 quarterstaff of Ashenzari's Seer
                  | {spect, Fort, Evo} (You took it off Joseph on level 7 of
                  | the Dungeon)
 14341 | D:12     | Identified the cursed +4 quarterstaff of Ashenzari's Seer
                  | {spect, Fort, Evo} (You took it off Joseph on level 7 of
                  | the Dungeon)
 14344 | D:12     | Identified the cursed +4 quarterstaff of Ashenzari's Seer
                  | {spect, Fort, Evo} (You took it off Joseph on level 7 of
                  | the Dungeon)
 14384 | D:12     | Noticed a two-headed ogre
 14398 | D:12     | Identified the cursed +4 quarterstaff of Ashenzari's Seer
                  | {spect, Fort, Evo} (You took it off Joseph on level 7 of
                  | the Dungeon)
 14399 | D:12     | Killed a two-headed ogre
 14436 | D:12     | Identified the cursed +4 quarterstaff of Ashenzari's Seer
                  | {spect, Fort, Evo} (You took it off Joseph on level 7 of
                  | the Dungeon)
 14451 | D:12     | Identified the cursed +4 quarterstaff of Ashenzari's Seer
                  | {spect, Fort, Evo} (You took it off Joseph on level 7 of
                  | the Dungeon)
 14454 | D:12     | Identified the cursed +4 quarterstaff of Ashenzari's Seer
                  | {spect, Fort, Evo} (You took it off Joseph on level 7 of
                  | the Dungeon)
 14492 | D:12     | Noticed a two-headed ogre
 14501 | D:12     | Identified the cursed +4 quarterstaff of Ashenzari's Seer
                  | {spect, Fort, Evo} (You took it off Joseph on level 7 of
                  | the Dungeon)
 14511 | D:12     | Identified the cursed +4 quarterstaff of Ashenzari's Seer
                  | {spect, Fort, Evo} (You took it off Joseph on level 7 of
                  | the Dungeon)
 14514 | D:12     | Killed a two-headed ogre
 14515 | D:12     | Reached skill level 9 in Spellcasting
 14552 | D:12     | Identified the cursed +4 quarterstaff of Ashenzari's Seer
                  | {spect, Fort, Evo} (You took it off Joseph on level 7 of
                  | the Dungeon)
 14561 | D:12     | Identified the cursed +4 quarterstaff of Ashenzari's Seer
                  | {spect, Fort, Evo} (You took it off Joseph on level 7 of
                  | the Dungeon)
 14646 | D:12     | Found a frozen archway.
 14648 | D:12     | Noticed an ice dragon
 14659 | D:12     | Identified the cursed +4 quarterstaff of Ashenzari's Seer
                  | {spect, Fort, Evo} (You took it off Joseph on level 7 of
                  | the Dungeon)
 14664 | D:12     | Identified the cursed +4 quarterstaff of Ashenzari's Seer
                  | {spect, Fort, Evo} (You took it off Joseph on level 7 of
                  | the Dungeon)
 14667 | D:12     | Identified the cursed +4 quarterstaff of Ashenzari's Seer
                  | {spect, Fort, Evo} (You took it off Joseph on level 7 of
                  | the Dungeon)
 14671 | D:12     | Identified the cursed +4 quarterstaff of Ashenzari's Seer
                  | {spect, Fort, Evo} (You took it off Joseph on level 7 of
                  | the Dungeon)
 14689 | D:12     | Killed an ice dragon
 14743 | D:12     | Identified the cursed +4 quarterstaff of Ashenzari's Seer
                  | {spect, Fort, Evo} (You took it off Joseph on level 7 of
                  | the Dungeon)
 14762 | D:12     | Reached ***** piety under Ashenzari
 14763 | D:12     | Identified the cursed +4 quarterstaff of Ashenzari's Seer
                  | {spect, Fort, Evo} (You took it off Joseph on level 7 of
                  | the Dungeon)
 14810 | D:12     | Identified the cursed +4 quarterstaff of Ashenzari's Seer
                  | {spect, Fort, Evo} (You took it off Joseph on level 7 of
                  | the Dungeon)
 14847 | D:12     | Learned a level 5 spell: Agony
 14891 | D:12     | Identified the cursed +4 quarterstaff of Ashenzari's Seer
                  | {spect, Fort, Evo} (You took it off Joseph on level 7 of
                  | the Dungeon)
 14918 | D:12     | Identified the cursed +4 quarterstaff of Ashenzari's Seer
                  | {spect, Fort, Evo} (You took it off Joseph on level 7 of
                  | the Dungeon)
 15036 | D:12     | Identified the cursed +4 quarterstaff of Ashenzari's Seer
                  | {spect, Fort, Evo} (You took it off Joseph on level 7 of
                  | the Dungeon)
 15041 | D:12     | Identified the cursed +4 quarterstaff of Ashenzari's Seer
                  | {spect, Fort, Evo} (You took it off Joseph on level 7 of
                  | the Dungeon)
 15056 | D:12     | Identified the cursed +4 quarterstaff of Ashenzari's Seer
                  | {spect, Fort, Evo} (You took it off Joseph on level 7 of
                  | the Dungeon)
 15110 | D:12     | Identified the cursed +4 quarterstaff of Ashenzari's Seer
                  | {spect, Fort, Evo} (You took it off Joseph on level 7 of
                  | the Dungeon)
 15227 | D:12     | Found a glowing silver altar of Zin.
 15511 | D:13     | Identified the cursed +4 quarterstaff of Ashenzari's Seer
                  | {spect, Fort, Evo} (You took it off Joseph on level 7 of
                  | the Dungeon)
 15513 | D:13     | Identified the cursed +4 quarterstaff of Ashenzari's Seer
                  | {spect, Fort, Evo} (You took it off Joseph on level 7 of
                  | the Dungeon)
 15520 | D:13     | Identified the cursed +4 quarterstaff of Ashenzari's Seer
                  | {spect, Fort, Evo} (You took it off Joseph on level 7 of
                  | the Dungeon)
 15523 | D:13     | Identified the cursed +4 quarterstaff of Ashenzari's Seer
                  | {spect, Fort, Evo} (You took it off Joseph on level 7 of
                  | the Dungeon)
 15727 | D:13     | Identified the cursed +4 quarterstaff of Ashenzari's Seer
                  | {spect, Fort, Evo} (You took it off Joseph on level 7 of
                  | the Dungeon)
 15729 | D:13     | Identified the cursed +4 quarterstaff of Ashenzari's Seer
                  | {spect, Fort, Evo} (You took it off Joseph on level 7 of
                  | the Dungeon)
 15744 | D:13     | Found a gate to the Vaults.
 15744 | D:13     | Noticed a vault guard
 15744 | D:13     | Noticed a centaur warrior
 15744 | D:13     | Noticed a vault guard
 15744 | D:13     | Noticed a vault guard
 15744 | D:13     | Noticed a vault guard
 15744 | D:13     | Noticed a deep elf knight
 15748 | D:13     | Identified the cursed +4 quarterstaff of Ashenzari's Seer
                  | {spect, Fort, Evo} (You took it off Joseph on level 7 of
                  | the Dungeon)
 15751 | D:13     | Killed a vault guard
 15752 | D:13     | Reached XP level 13. HP: 97/109 MP: 31/31
 15752 | D:13     | Identified the cursed +4 quarterstaff of Ashenzari's Seer
                  | {spect, Fort, Evo} (You took it off Joseph on level 7 of
                  | the Dungeon)
 15757 | D:13     | Identified the cursed +4 quarterstaff of Ashenzari's Seer
                  | {spect, Fort, Evo} (You took it off Joseph on level 7 of
                  | the Dungeon)
 15759 | D:13     | Identified the cursed +4 quarterstaff of Ashenzari's Seer
                  | {spect, Fort, Evo} (You took it off Joseph on level 7 of
                  | the Dungeon)
 15763 | D:13     | Identified the cursed +4 quarterstaff of Ashenzari's Seer
                  | {spect, Fort, Evo} (You took it off Joseph on level 7 of
                  | the Dungeon)
 15763 | D:13     | Killed a vault guard
 15765 | D:13     | Identified the cursed +4 quarterstaff of Ashenzari's Seer
                  | {spect, Fort, Evo} (You took it off Joseph on level 7 of
                  | the Dungeon)
 15774 | D:13     | Killed a vault guard
 15784 | D:13     | Killed a vault guard
 15795 | D:13     | Identified the cursed +4 quarterstaff of Ashenzari's Seer
                  | {spect, Fort, Evo} (You took it off Joseph on level 7 of
                  | the Dungeon)
 15877 | D:13     | Identified the cursed +4 quarterstaff of Ashenzari's Seer
                  | {spect, Fort, Evo} (You took it off Joseph on level 7 of
                  | the Dungeon)
 15890 | D:13     | Identified the cursed +4 quarterstaff of Ashenzari's Seer
                  | {spect, Fort, Evo} (You took it off Joseph on level 7 of
                  | the Dungeon)
 15894 | D:13     | Identified the cursed +4 quarterstaff of Ashenzari's Seer
                  | {spect, Fort, Evo} (You took it off Joseph on level 7 of
                  | the Dungeon)
 15962 | D:13     | Identified the cursed +4 quarterstaff of Ashenzari's Seer
                  | {spect, Fort, Evo} (You took it off Joseph on level 7 of
                  | the Dungeon)
 15979 | D:13     | Identified the cursed +4 quarterstaff of Ashenzari's Seer
                  | {spect, Fort, Evo} (You took it off Joseph on level 7 of
                  | the Dungeon)
 15987 | D:13     | Identified the cursed +4 quarterstaff of Ashenzari's Seer
                  | {spect, Fort, Evo} (You took it off Joseph on level 7 of
                  | the Dungeon)
 16093 | D:13     | Identified the cursed +4 quarterstaff of Ashenzari's Seer
                  | {spect, Fort, Evo} (You took it off Joseph on level 7 of
                  | the Dungeon)
 16119 | D:13     | Identified the cursed +4 quarterstaff of Ashenzari's Seer
                  | {spect, Fort, Evo} (You took it off Joseph on level 7 of
                  | the Dungeon)
 16126 | D:13     | Identified the cursed +4 quarterstaff of Ashenzari's Seer
                  | {spect, Fort, Evo} (You took it off Joseph on level 7 of
                  | the Dungeon)
 16144 | D:13     | Identified the cursed +4 quarterstaff of Ashenzari's Seer
                  | {spect, Fort, Evo} (You took it off Joseph on level 7 of
                  | the Dungeon)
 16200 | D:13     | Identified the cursed +4 quarterstaff of Ashenzari's Seer
                  | {spect, Fort, Evo} (You took it off Joseph on level 7 of
                  | the Dungeon)
 16209 | D:13     | Identified the cursed +4 quarterstaff of Ashenzari's Seer
                  | {spect, Fort, Evo} (You took it off Joseph on level 7 of
                  | the Dungeon)
 16211 | D:13     | Identified the cursed +4 quarterstaff of Ashenzari's Seer
                  | {spect, Fort, Evo} (You took it off Joseph on level 7 of
                  | the Dungeon)
 16967 | D:13     | Found a broken altar of Ashenzari.
 16982 | D:13     | Identified the cursed +4 quarterstaff of Ashenzari's Seer
                  | {spect, Fort, Evo} (You took it off Joseph on level 7 of
                  | the Dungeon)
 17030 | D:13     | Identified the cursed +4 quarterstaff of Ashenzari's Seer
                  | {spect, Fort, Evo} (You took it off Joseph on level 7 of
                  | the Dungeon)
 17037 | D:13     | Identified the cursed +4 quarterstaff of Ashenzari's Seer
                  | {spect, Fort, Evo} (You took it off Joseph on level 7 of
                  | the Dungeon)
 17092 | D:13     | Identified the cursed +4 quarterstaff of Ashenzari's Seer
                  | {spect, Fort, Evo} (You took it off Joseph on level 7 of
                  | the Dungeon)
 17094 | D:13     | Reached skill level 10 in Ice Magic
 17602 | Lair:1   | Entered Level 1 of the Lair of Beasts
 17606 | Lair:1   | Identified the cursed +4 quarterstaff of Ashenzari's Seer
                  | {spect, Fort, Evo} (You took it off Joseph on level 7 of
                  | the Dungeon)
 17611 | Lair:1   | Identified the cursed +4 quarterstaff of Ashenzari's Seer
                  | {spect, Fort, Evo} (You took it off Joseph on level 7 of
                  | the Dungeon)
 17641 | Lair:1   | Identified the cursed +4 quarterstaff of Ashenzari's Seer
                  | {spect, Fort, Evo} (You took it off Joseph on level 7 of
                  | the Dungeon)
 17682 | Lair:1   | Noticed Nergalle
 17695 | Lair:1   | Identified the cursed +4 quarterstaff of Ashenzari's Seer
                  | {spect, Fort, Evo} (You took it off Joseph on level 7 of
                  | the Dungeon)
 17699 | Lair:1   | Identified the cursed +4 quarterstaff of Ashenzari's Seer
                  | {spect, Fort, Evo} (You took it off Joseph on level 7 of
                  | the Dungeon)
 17699 | Lair:1   | Killed Nergalle
 17706 | Lair:1   | Identified the cursed +4 quarterstaff of Ashenzari's Seer
                  | {spect, Fort, Evo} (You took it off Joseph on level 7 of
                  | the Dungeon)
 17718 | Lair:1   | Identified the cursed +4 quarterstaff of Ashenzari's Seer
                  | {spect, Fort, Evo} (You took it off Joseph on level 7 of
                  | the Dungeon)
 17778 | Lair:1   | Noticed Urug
 17791 | Lair:1   | Identified the cursed +4 quarterstaff of Ashenzari's Seer
                  | {spect, Fort, Evo} (You took it off Joseph on level 7 of
                  | the Dungeon)
 17795 | Lair:1   | Killed Urug
 17837 | Lair:1   | Identified the cursed +4 quarterstaff of Ashenzari's Seer
                  | {spect, Fort, Evo} (You took it off Joseph on level 7 of
                  | the Dungeon)
 17866 | Lair:1   | Identified the cursed +4 quarterstaff of Ashenzari's Seer
                  | {spect, Fort, Evo} (You took it off Joseph on level 7 of
                  | the Dungeon)
 17882 | Lair:1   | Identified the cursed +4 quarterstaff of Ashenzari's Seer
                  | {spect, Fort, Evo} (You took it off Joseph on level 7 of
                  | the Dungeon)
 17904 | Lair:1   | Identified the cursed +4 quarterstaff of Ashenzari's Seer
                  | {spect, Fort, Evo} (You took it off Joseph on level 7 of
                  | the Dungeon)
 17916 | Lair:1   | Identified the cursed +4 quarterstaff of Ashenzari's Seer
                  | {spect, Fort, Evo} (You took it off Joseph on level 7 of
                  | the Dungeon)
 17958 | Lair:1   | Identified the cursed +4 quarterstaff of Ashenzari's Seer
                  | {spect, Fort, Evo} (You took it off Joseph on level 7 of
                  | the Dungeon)
 18091 | Lair:1   | Identified the cursed +4 quarterstaff of Ashenzari's Seer
                  | {spect, Fort, Evo} (You took it off Joseph on level 7 of
                  | the Dungeon)
 18175 | Lair:1   | Identified the cursed +4 quarterstaff of Ashenzari's Seer
                  | {spect, Fort, Evo} (You took it off Joseph on level 7 of
                  | the Dungeon)
 18209 | Lair:1   | Identified the cursed +4 quarterstaff of Ashenzari's Seer
                  | {spect, Fort, Evo} (You took it off Joseph on level 7 of
                  | the Dungeon)
 18337 | Lair:1   | Identified the cursed +4 quarterstaff of Ashenzari's Seer
                  | {spect, Fort, Evo} (You took it off Joseph on level 7 of
                  | the Dungeon)
 18522 | Lair:2   | Identified the +7 spear "Ytab" {elec, rN+}
 18527 | Lair:2   | Found a staircase to the Swamp.
 18533 | Lair:2   | Reached skill level 10 in Spellcasting
 18540 | Lair:2   | Identified the cursed +4 quarterstaff of Ashenzari's Seer
                  | {spect, Fort, Evo} (You took it off Joseph on level 7 of
                  | the Dungeon)
 18547 | Lair:2   | Identified the cursed +4 quarterstaff of Ashenzari's Seer
                  | {spect, Fort, Evo} (You took it off Joseph on level 7 of
                  | the Dungeon)
 18552 | Lair:2   | Identified the cursed +4 quarterstaff of Ashenzari's Seer
                  | {spect, Fort, Evo} (You took it off Joseph on level 7 of
                  | the Dungeon)
 18594 | Lair:2   | Found a hole to the Spider Nest.
 18641 | Lair:2   | Identified the cursed +4 quarterstaff of Ashenzari's Seer
                  | {spect, Fort, Evo} (You took it off Joseph on level 7 of
                  | the Dungeon)
 18679 | Lair:2   | Identified the cursed +4 quarterstaff of Ashenzari's Seer
                  | {spect, Fort, Evo} (You took it off Joseph on level 7 of
                  | the Dungeon)
 18715 | Lair:2   | Noticed Gastronok
 18736 | Lair:2   | Identified the cursed +4 quarterstaff of Ashenzari's Seer
                  | {spect, Fort, Evo} (You took it off Joseph on level 7 of
                  | the Dungeon)
 18739 | Lair:2   | Killed Gastronok
 18740 | Lair:2   | Reached XP level 14. HP: 85/113 MP: 30/30
 18772 | Lair:2   | Identified the cursed +4 quarterstaff of Ashenzari's Seer
                  | {spect, Fort, Evo} (You took it off Joseph on level 7 of
                  | the Dungeon)
 18837 | Lair:2   | Identified the cursed +4 quarterstaff of Ashenzari's Seer
                  | {spect, Fort, Evo} (You took it off Joseph on level 7 of
                  | the Dungeon)
 18840 | Lair:2   | Reached skill level 10 in Dodging
 18860 | Lair:2   | Found a runed translucent door.
 18862 | Lair:2   | Noticed Xavori's ghost (journeyman OpCK)
 18870 | Lair:2   | Identified the cursed +4 quarterstaff of Ashenzari's Seer
                  | {spect, Fort, Evo} (You took it off Joseph on level 7 of
                  | the Dungeon)
 18892 | Lair:2   | Killed Xavori's ghost
 19110 | Lair:2   | Identified the cursed +4 quarterstaff of Ashenzari's Seer
                  | {spect, Fort, Evo} (You took it off Joseph on level 7 of
                  | the Dungeon)
 19150 | Lair:2   | Identified the cursed +4 quarterstaff of Ashenzari's Seer
                  | {spect, Fort, Evo} (You took it off Joseph on level 7 of
                  | the Dungeon)
 19161 | Lair:2   | Identified the cursed +4 quarterstaff of Ashenzari's Seer
                  | {spect, Fort, Evo} (You took it off Joseph on level 7 of
                  | the Dungeon)
 19275 | Lair:2   | Identified the cursed +4 quarterstaff of Ashenzari's Seer
                  | {spect, Fort, Evo} (You took it off Joseph on level 7 of
                  | the Dungeon)
 19440 | Lair:2   | Identified the cursed +4 quarterstaff of Ashenzari's Seer
                  | {spect, Fort, Evo} (You took it off Joseph on level 7 of
                  | the Dungeon)
 19550 | Lair:3   | Identified the cursed +4 quarterstaff of Ashenzari's Seer
                  | {spect, Fort, Evo} (You took it off Joseph on level 7 of
                  | the Dungeon)
 19555 | Lair:3   | Identified the cursed +4 quarterstaff of Ashenzari's Seer
                  | {spect, Fort, Evo} (You took it off Joseph on level 7 of
                  | the Dungeon)
 19568 | Lair:3   | Identified the cursed +4 quarterstaff of Ashenzari's Seer
                  | {spect, Fort, Evo} (You took it off Joseph on level 7 of
                  | the Dungeon)
 19571 | Lair:3   | Identified the cursed +4 quarterstaff of Ashenzari's Seer
                  | {spect, Fort, Evo} (You took it off Joseph on level 7 of
                  | the Dungeon)
 19684 | Lair:3   | Identified the cursed +4 quarterstaff of Ashenzari's Seer
                  | {spect, Fort, Evo} (You took it off Joseph on level 7 of
                  | the Dungeon)
 19696 | Lair:3   | Identified the cursed +4 quarterstaff of Ashenzari's Seer
                  | {spect, Fort, Evo} (You took it off Joseph on level 7 of
                  | the Dungeon)
 19700 | Lair:3   | Reached skill level 10 in Stealth
 19701 | Lair:3   | Identified the cursed +4 quarterstaff of Ashenzari's Seer
                  | {spect, Fort, Evo} (You took it off Joseph on level 7 of
                  | the Dungeon)
 19710 | Lair:3   | Identified the cursed +4 quarterstaff of Ashenzari's Seer
                  | {spect, Fort, Evo} (You took it off Joseph on level 7 of
                  | the Dungeon)
 19713 | Lair:3   | Identified the cursed +4 quarterstaff of Ashenzari's Seer
                  | {spect, Fort, Evo} (You took it off Joseph on level 7 of
                  | the Dungeon)
 19720 | Lair:3   | Identified the cursed +4 quarterstaff of Ashenzari's Seer
                  | {spect, Fort, Evo} (You took it off Joseph on level 7 of
                  | the Dungeon)
 19738 | Lair:3   | Identified the cursed +4 quarterstaff of Ashenzari's Seer
                  | {spect, Fort, Evo} (You took it off Joseph on level 7 of
                  | the Dungeon)
 19754 | Lair:3   | Identified the cursed +4 quarterstaff of Ashenzari's Seer
                  | {spect, Fort, Evo} (You took it off Joseph on level 7 of
                  | the Dungeon)
 19756 | Lair:3   | Identified the cursed +4 quarterstaff of Ashenzari's Seer
                  | {spect, Fort, Evo} (You took it off Joseph on level 7 of
                  | the Dungeon)
 19758 | Lair:3   | Identified the cursed +4 quarterstaff of Ashenzari's Seer
                  | {spect, Fort, Evo} (You took it off Joseph on level 7 of
                  | the Dungeon)
 19761 | Lair:3   | Identified the cursed +4 quarterstaff of Ashenzari's Seer
                  | {spect, Fort, Evo} (You took it off Joseph on level 7 of
                  | the Dungeon)
 19806 | Lair:3   | Identified the cursed +4 quarterstaff of Ashenzari's Seer
                  | {spect, Fort, Evo} (You took it off Joseph on level 7 of
                  | the Dungeon)
 19817 | Lair:3   | Identified the cursed +4 quarterstaff of Ashenzari's Seer
                  | {spect, Fort, Evo} (You took it off Joseph on level 7 of
                  | the Dungeon)
 19922 | Lair:3   | Reached skill level 10 in Invocations
 20252 | Lair:4   | Identified the cursed +4 quarterstaff of Ashenzari's Seer
                  | {spect, Fort, Evo} (You took it off Joseph on level 7 of
                  | the Dungeon)
 20315 | Lair:4   | Identified the cursed +4 quarterstaff of Ashenzari's Seer
                  | {spect, Fort, Evo} (You took it off Joseph on level 7 of
                  | the Dungeon)
 20323 | Lair:4   | Identified the cursed +4 quarterstaff of Ashenzari's Seer
                  | {spect, Fort, Evo} (You took it off Joseph on level 7 of
                  | the Dungeon)
 20347 | Lair:4   | Identified the cursed +4 quarterstaff of Ashenzari's Seer
                  | {spect, Fort, Evo} (You took it off Joseph on level 7 of
                  | the Dungeon)
 20386 | Lair:4   | Identified the cursed +4 quarterstaff of Ashenzari's Seer
                  | {spect, Fort, Evo} (You took it off Joseph on level 7 of
                  | the Dungeon)
 20535 | Lair:4   | Found a blossoming altar of Fedhas.
 20804 | Lair:4   | Identified the +1 scale mail of the Unstoppable Knives
                  | {Int+4}
 21194 | Lair:5   | Identified the cursed +4 quarterstaff of Ashenzari's Seer
                  | {spect, Fort, Evo} (You took it off Joseph on level 7 of
                  | the Dungeon)
 21268 | Lair:5   | Identified the cursed +4 quarterstaff of Ashenzari's Seer
                  | {spect, Fort, Evo} (You took it off Joseph on level 7 of
                  | the Dungeon)
 21336 | Lair:5   | Identified the cursed +4 quarterstaff of Ashenzari's Seer
                  | {spect, Fort, Evo} (You took it off Joseph on level 7 of
                  | the Dungeon)
 21360 | Lair:5   | Identified the cursed +4 quarterstaff of Ashenzari's Seer
                  | {spect, Fort, Evo} (You took it off Joseph on level 7 of
                  | the Dungeon)
 21372 | Lair:5   | Identified the cursed +4 quarterstaff of Ashenzari's Seer
                  | {spect, Fort, Evo} (You took it off Joseph on level 7 of
                  | the Dungeon)
 21374 | Lair:5   | Identified the cursed +4 quarterstaff of Ashenzari's Seer
                  | {spect, Fort, Evo} (You took it off Joseph on level 7 of
                  | the Dungeon)
 21378 | Lair:5   | Identified the cursed +4 quarterstaff of Ashenzari's Seer
                  | {spect, Fort, Evo} (You took it off Joseph on level 7 of
                  | the Dungeon)
 21383 | Lair:5   | Identified the cursed +4 quarterstaff of Ashenzari's Seer
                  | {spect, Fort, Evo} (You took it off Joseph on level 7 of
                  | the Dungeon)
 21421 | Lair:5   | Identified the cursed +4 quarterstaff of Ashenzari's Seer
                  | {spect, Fort, Evo} (You took it off Joseph on level 7 of
                  | the Dungeon)
 21678 | Lair:5   | Identified the cursed +4 quarterstaff of Ashenzari's Seer
                  | {spect, Fort, Evo} (You took it off Joseph on level 7 of
                  | the Dungeon)
 21740 | Lair:5   | Identified the cursed +4 quarterstaff of Ashenzari's Seer
                  | {spect, Fort, Evo} (You took it off Joseph on level 7 of
                  | the Dungeon)
 21742 | Lair:5   | Identified the cursed +4 quarterstaff of Ashenzari's Seer
                  | {spect, Fort, Evo} (You took it off Joseph on level 7 of
                  | the Dungeon)
 21743 | Lair:5   | Identified the cursed +4 quarterstaff of Ashenzari's Seer
                  | {spect, Fort, Evo} (You took it off Joseph on level 7 of
                  | the Dungeon)
 21762 | Lair:5   | Identified the cursed +4 quarterstaff of Ashenzari's Seer
                  | {spect, Fort, Evo} (You took it off Joseph on level 7 of
                  | the Dungeon)
 21770 | Lair:5   | Identified the cursed +4 quarterstaff of Ashenzari's Seer
                  | {spect, Fort, Evo} (You took it off Joseph on level 7 of
                  | the Dungeon)
 21773 | Lair:5   | Identified the cursed +4 quarterstaff of Ashenzari's Seer
                  | {spect, Fort, Evo} (You took it off Joseph on level 7 of
                  | the Dungeon)
 21776 | Lair:5   | Identified the cursed +4 quarterstaff of Ashenzari's Seer
                  | {spect, Fort, Evo} (You took it off Joseph on level 7 of
                  | the Dungeon)
 21783 | Lair:5   | Identified the cursed +4 quarterstaff of Ashenzari's Seer
                  | {spect, Fort, Evo} (You took it off Joseph on level 7 of
                  | the Dungeon)
 21881 | Lair:5   | Identified the cursed +4 quarterstaff of Ashenzari's Seer
                  | {spect, Fort, Evo} (You took it off Joseph on level 7 of
                  | the Dungeon)
 22095 | Lair:5   | Identified the cursed +4 quarterstaff of Ashenzari's Seer
                  | {spect, Fort, Evo} (You took it off Joseph on level 7 of
                  | the Dungeon)
 22198 | Lair:5   | Identified the cursed +4 quarterstaff of Ashenzari's Seer
                  | {spect, Fort, Evo} (You took it off Joseph on level 7 of
                  | the Dungeon)
 22313 | Lair:6   | Entered Level 6 of the Lair of Beasts
 22314 | Lair:6   | Identified the cursed +4 quarterstaff of Ashenzari's Seer
                  | {spect, Fort, Evo} (You took it off Joseph on level 7 of
                  | the Dungeon)
 22316 | Lair:6   | Found a gate leading to a gauntlet.
 22342 | Gauntlet | Entered a Gauntlet
 22342 | Gauntlet | Found a transporter.
 22353 | Gauntlet | Found a transporter.
 22360 | Gauntlet | Found a transporter.
 22360 | Gauntlet | Found a transporter.
 22411 | Gauntlet | Found a transporter.
 22424 | Gauntlet | Identified the +7 longbow of the Wolf {freeze, rC+ Int+4
                  | Stlth+}
 22429 | Gauntlet | Identified the cursed +4 quarterstaff of Ashenzari's Seer
                  | {spect, Fort, Evo} (You took it off Joseph on level 7 of
                  | the Dungeon)
 22431 | Gauntlet | Identified the cursed +4 quarterstaff of Ashenzari's Seer
                  | {spect, Fort, Evo} (You took it off Joseph on level 7 of
                  | the Dungeon)
 22521 | Gauntlet | Found a transporter.
 22549 | Lair:6   | Identified the cursed +4 quarterstaff of Ashenzari's Seer
                  | {spect, Fort, Evo} (You took it off Joseph on level 7 of
                  | the Dungeon)
 22558 | Lair:6   | Identified the cursed +4 quarterstaff of Ashenzari's Seer
                  | {spect, Fort, Evo} (You took it off Joseph on level 7 of
                  | the Dungeon)
 22573 | Lair:6   | Found a runed translucent gate.
 22573 | Lair:6   | Found a runed translucent gate.
 22573 | Lair:6   | Found a runed translucent gate.
 22578 | Lair:6   | Identified the cursed +4 quarterstaff of Ashenzari's Seer
                  | {spect, Fort, Evo} (You took it off Joseph on level 7 of
                  | the Dungeon)
 22581 | Lair:6   | Identified the cursed +4 quarterstaff of Ashenzari's Seer
                  | {spect, Fort, Evo} (You took it off Joseph on level 7 of
                  | the Dungeon)
 22584 | Lair:6   | Identified the cursed +4 quarterstaff of Ashenzari's Seer
                  | {spect, Fort, Evo} (You took it off Joseph on level 7 of
                  | the Dungeon)
 22588 | Lair:6   | Identified the cursed +4 quarterstaff of Ashenzari's Seer
                  | {spect, Fort, Evo} (You took it off Joseph on level 7 of
                  | the Dungeon)
 22606 | Lair:6   | Noticed Ynietresch's ghost (journeyman MiBe)
 22630 | Lair:6   | Identified the cursed +4 quarterstaff of Ashenzari's Seer
                  | {spect, Fort, Evo} (You took it off Joseph on level 7 of
                  | the Dungeon)
 22691 | Lair:6   | Identified the cursed +4 quarterstaff of Ashenzari's Seer
                  | {spect, Fort, Evo} (You took it off Joseph on level 7 of
                  | the Dungeon)
 22694 | Lair:6   | Identified the cursed +4 quarterstaff of Ashenzari's Seer
                  | {spect, Fort, Evo} (You took it off Joseph on level 7 of
                  | the Dungeon)
 22696 | Lair:6   | Identified the cursed +4 quarterstaff of Ashenzari's Seer
                  | {spect, Fort, Evo} (You took it off Joseph on level 7 of
                  | the Dungeon)
 22698 | Lair:6   | Identified the cursed +4 quarterstaff of Ashenzari's Seer
                  | {spect, Fort, Evo} (You took it off Joseph on level 7 of
                  | the Dungeon)
 22720 | Lair:6   | Identified the cursed +4 quarterstaff of Ashenzari's Seer
                  | {spect, Fort, Evo} (You took it off Joseph on level 7 of
                  | the Dungeon)
 22747 | Lair:6   | Identified the cursed +4 quarterstaff of Ashenzari's Seer
                  | {spect, Fort, Evo} (You took it off Joseph on level 7 of
                  | the Dungeon)
 22754 | Lair:6   | Identified the cursed +4 quarterstaff of Ashenzari's Seer
                  | {spect, Fort, Evo} (You took it off Joseph on level 7 of
                  | the Dungeon)
 22757 | Lair:6   | Identified the cursed +4 quarterstaff of Ashenzari's Seer
                  | {spect, Fort, Evo} (You took it off Joseph on level 7 of
                  | the Dungeon)
 22760 | Lair:6   | Reached XP level 15. HP: 122/122 MP: 32/32
 22805 | Lair:6   | Identified the cursed +4 quarterstaff of Ashenzari's Seer
                  | {spect, Fort, Evo} (You took it off Joseph on level 7 of
                  | the Dungeon)
 22807 | Lair:6   | Identified the cursed +4 quarterstaff of Ashenzari's Seer
                  | {spect, Fort, Evo} (You took it off Joseph on level 7 of
                  | the Dungeon)
 22895 | Lair:6   | Identified the cursed +4 quarterstaff of Ashenzari's Seer
                  | {spect, Fort, Evo} (You took it off Joseph on level 7 of
                  | the Dungeon)
 22896 | Lair:6   | Identified the cursed +4 quarterstaff of Ashenzari's Seer
                  | {spect, Fort, Evo} (You took it off Joseph on level 7 of
                  | the Dungeon)
 22898 | Lair:6   | Identified the cursed +4 quarterstaff of Ashenzari's Seer
                  | {spect, Fort, Evo} (You took it off Joseph on level 7 of
                  | the Dungeon)
 22910 | Lair:6   | Identified the cursed +4 quarterstaff of Ashenzari's Seer
                  | {spect, Fort, Evo} (You took it off Joseph on level 7 of
                  | the Dungeon)
 22913 | Lair:6   | Identified the cursed +4 quarterstaff of Ashenzari's Seer
                  | {spect, Fort, Evo} (You took it off Joseph on level 7 of
                  | the Dungeon)
 22922 | Lair:6   | Identified the cursed +4 quarterstaff of Ashenzari's Seer
                  | {spect, Fort, Evo} (You took it off Joseph on level 7 of
                  | the Dungeon)
 23016 | Lair:6   | Identified the cursed +4 quarterstaff of Ashenzari's Seer
                  | {spect, Fort, Evo} (You took it off Joseph on level 7 of
                  | the Dungeon)
 23019 | Lair:6   | Identified the cursed +4 quarterstaff of Ashenzari's Seer
                  | {spect, Fort, Evo} (You took it off Joseph on level 7 of
                  | the Dungeon)
 23070 | Lair:6   | Identified the cursed +4 quarterstaff of Ashenzari's Seer
                  | {spect, Fort, Evo} (You took it off Joseph on level 7 of
                  | the Dungeon)
 23118 | Lair:6   | Identified the cursed +4 quarterstaff of Ashenzari's Seer
                  | {spect, Fort, Evo} (You took it off Joseph on level 7 of
                  | the Dungeon)
 23124 | Lair:6   | Identified the cursed +4 quarterstaff of Ashenzari's Seer
                  | {spect, Fort, Evo} (You took it off Joseph on level 7 of
                  | the Dungeon)
 23126 | Lair:6   | Identified the cursed +4 quarterstaff of Ashenzari's Seer
                  | {spect, Fort, Evo} (You took it off Joseph on level 7 of
                  | the Dungeon)
 23133 | Lair:6   | Identified the cursed +4 quarterstaff of Ashenzari's Seer
                  | {spect, Fort, Evo} (You took it off Joseph on level 7 of
                  | the Dungeon)
 23136 | Lair:6   | Reached skill level 11 in Spellcasting
 23233 | Lair:6   | Identified the cursed +4 quarterstaff of Ashenzari's Seer
                  | {spect, Fort, Evo} (You took it off Joseph on level 7 of
                  | the Dungeon)
 23239 | Lair:6   | Identified the cursed +4 quarterstaff of Ashenzari's Seer
                  | {spect, Fort, Evo} (You took it off Joseph on level 7 of
                  | the Dungeon)
 23256 | Lair:6   | Identified the cursed +4 quarterstaff of Ashenzari's Seer
                  | {spect, Fort, Evo} (You took it off Joseph on level 7 of
                  | the Dungeon)
 23259 | Lair:6   | Identified the cursed +4 quarterstaff of Ashenzari's Seer
                  | {spect, Fort, Evo} (You took it off Joseph on level 7 of
                  | the Dungeon)
 23261 | Lair:6   | Identified the cursed +4 quarterstaff of Ashenzari's Seer
                  | {spect, Fort, Evo} (You took it off Joseph on level 7 of
                  | the Dungeon)
 23264 | Lair:6   | Identified the cursed +4 quarterstaff of Ashenzari's Seer
                  | {spect, Fort, Evo} (You took it off Joseph on level 7 of
                  | the Dungeon)
 23267 | Lair:6   | Identified the cursed +4 quarterstaff of Ashenzari's Seer
                  | {spect, Fort, Evo} (You took it off Joseph on level 7 of
                  | the Dungeon)
 23280 | Lair:6   | Identified the cursed +4 quarterstaff of Ashenzari's Seer
                  | {spect, Fort, Evo} (You took it off Joseph on level 7 of
                  | the Dungeon)
 23282 | Lair:6   | Identified the cursed +4 quarterstaff of Ashenzari's Seer
                  | {spect, Fort, Evo} (You took it off Joseph on level 7 of
                  | the Dungeon)
 23287 | Lair:6   | Identified the cursed +4 quarterstaff of Ashenzari's Seer
                  | {spect, Fort, Evo} (You took it off Joseph on level 7 of
                  | the Dungeon)
 23403 | Lair:6   | Identified the cursed +4 quarterstaff of Ashenzari's Seer
                  | {spect, Fort, Evo} (You took it off Joseph on level 7 of
                  | the Dungeon)
 23409 | Lair:6   | Identified the cursed +4 quarterstaff of Ashenzari's Seer
                  | {spect, Fort, Evo} (You took it off Joseph on level 7 of
                  | the Dungeon)
 23413 | Lair:6   | Identified the cursed +4 quarterstaff of Ashenzari's Seer
                  | {spect, Fort, Evo} (You took it off Joseph on level 7 of
                  | the Dungeon)
 23456 | Lair:6   | Identified the cursed +4 quarterstaff of Ashenzari's Seer
                  | {spect, Fort, Evo} (You took it off Joseph on level 7 of
                  | the Dungeon)
 23464 | Lair:6   | Identified the cursed +4 quarterstaff of Ashenzari's Seer
                  | {spect, Fort, Evo} (You took it off Joseph on level 7 of
                  | the Dungeon)
 23473 | Lair:6   | Identified the cursed +4 quarterstaff of Ashenzari's Seer
                  | {spect, Fort, Evo} (You took it off Joseph on level 7 of
                  | the Dungeon)
 23483 | Lair:6   | Identified the cursed +4 quarterstaff of Ashenzari's Seer
                  | {spect, Fort, Evo} (You took it off Joseph on level 7 of
                  | the Dungeon)
 23495 | Lair:6   | Identified the cursed +4 quarterstaff of Ashenzari's Seer
                  | {spect, Fort, Evo} (You took it off Joseph on level 7 of
                  | the Dungeon)
 23607 | Lair:6   | Identified the cursed +4 quarterstaff of Ashenzari's Seer
                  | {spect, Fort, Evo} (You took it off Joseph on level 7 of
                  | the Dungeon)
 23626 | Lair:6   | Identified the cursed +4 quarterstaff of Ashenzari's Seer
                  | {spect, Fort, Evo} (You took it off Joseph on level 7 of
                  | the Dungeon)
 23628 | Lair:6   | Identified the cursed +4 quarterstaff of Ashenzari's Seer
                  | {spect, Fort, Evo} (You took it off Joseph on level 7 of
                  | the Dungeon)
 23631 | Lair:6   | Killed from afar by a fire dragon

Illustrated notes

Levels and vault maps discovered:
D:1:      dpeg_arrival_morbid_curiosity, layout_basic
D:2:      layout_loops_ring, nicolae_ru_sacrificial_ziggurat,
          minmay_joined_circles
D:3:      layout_loops_ring, nicolae_gozag_zags_fifth_avenue,
          gammafunk_ghost_grave
D:4:      layout_loops_ring, lemuel_crystal_altar, uniq_eustachio, uniq_duvessa
D:5:      layout_cave_pools, minmay_temple_entry_junction
D:6:      layout_cave_pools
D:7:      layout_basic, nicolae_overflow_crystal_walls, basic_altar,
          minmay_guarded_unrand_staff_of_olgreb, uniq_joseph, uniq_menkaure,
          uniq_crazy_yiuf_cottage
D:8:      layout_basic, tso_metal_star
D:9:      layout_big_octagon, erik_lair_dragon
D:10:     layout_irregular_city, hiddenorc1_lemuel, uniq_snorg, uniq_fannar,
          uniq_sonja
D:11:     layout_basic, elyvilon_altar_4
D:12:     minmay_evil_eye, layout_stronghold,
          portal_ice_cave_entry_animals_and_master, basic_altar
D:13:     layout_roguey [special_room_bee], lightli_vaults_fourway_checkpoint,
          basic_altar, serial_co_window_serial, co_window_paths_a,
          co_window_paths_b, co_window_paths_b, co_window_paths_a,
          co_window_of_opportunity_a, co_window_corner_a, co_window_broadway_c,
          co_window_of_opportunity_b, co_window_2corner, co_window_paths_d,
          co_window_paths_e, glass_columns_c
Temple:   dpeg_five_rooms_temple
Lair:1:   layout_regular_city, uniq_nergalle, uniq_urug
Lair:2:   layout_small_grid, skrybe_swamp_entry_bodies, spider_nest_entry_webs,
          ebering_ghost_funeral_grove, infiniplex_staircase_pool_2,
          uniq_gastronok
Lair:3:   layout_concentric_octagons, special_room, minmay_lair_oklob_chamber,
          grunt_megastairs_1
Lair:4:   layout_regular_city, lemuel_centaur_altar, serial_bayou_shore_a,
          lemuel_fruit_tree
Lair:5:   layout_cave_pods, minmay_slime_entry_oklob_enclosed
Lair:6:   guppyfry_lair_end_dragon, layout_regular_city,
          hangedman_lair_in_review, gammafunk_ghost_necromancy,
          gauntlet_entry_generic, minmay_hedge_maze, minivault_25

Skill      XL: |  1  2  3  4  5  6  7  8  9 10 11 12 13 14 15 |
---------------+----------------------------------------------+-----
Spellcasting   | 5 6 7 8 9 10 11 | 11.0
Invocations    | 1 2 3 4 5 6 7 8 9 10 | 10.7
Fighting       | 1 2 3 4 5 6 7 8 9 |  9.9
Short Blades   | 1 2 3 4 5 6 7 8 9 |  9.9
Long Blades    | 1 2 3 4 5 6 7 8 9 |  9.9
Axes           | 1 2 3 4 5 6 7 8 9 |  9.9
Maces & Flails | 1 2 3 4 5 6 7 8 9 |  9.9
Polearms       | 1 2 3 4 5 6 7 8 9 |  9.9
Staves         | 1 2 3 4 5 6 7 8 9 |  9.9
Slings         | 1 2 3 4 5 6 7 8 9 |  9.9
Bows           | 1 2 3 4 5 6 7 8 9 |  9.9
Crossbows      | 1 2 3 4 5 6 7 8 9 |  9.9
Throwing       | 1 2 3 4 5 6 7 8 9 |  9.9
Armour         | 1 2 3 4 5 6 7 8 9 |  9.9
Shields        | 1 2 3 4 5 6 7 8 9 |  9.9
Unarmed Combat | 1 2 3 4 5 6 7 8 9 |  9.9
Evocations     | 1 2 3 4 5 6 7 8 9 |  9.9
Conjurations   | 1 2 3 4 5 6 7 8 |  8.3
Hexes          | 1 2 3 4 5 6 7 8 |  8.3
Summonings     | 1 2 3 4 5 6 7 8 |  8.3
Necromancy     | 1 2 3 4 5 6 7 8 |  8.3
Translocations | 1 2 3 4 5 6 7 8 |  8.3
Transmutations | 1 2 3 4 5 6 7 8 |  8.3
Fire Magic     | 1 2 3 4 5 6 7 8 |  8.3
Air Magic      | 1 2 3 4 5 6 7 8 |  8.3
Earth Magic    | 1 2 3 4 5 6 7 8 |  8.3
Poison Magic   | 1 2 3 4 5 6 7 8 |  8.3
Dodging        | 5 6 7 8 9 10 | 10.9
Stealth        | 5 6 7 8 9 10 | 10.7
Ice Magic      | 8 9 10 | 10.9

Action                   |  1- 3 |  4- 6 |  7- 9 | 10-12 | 13-15 || total
-------------------------+-------+-------+-------+-------+-------++-------
Melee: Unarmed           |     1 |       |       |       |       ||     1
       Mace              |    50 |    28 |       |       |       ||    78
       Bite              |     6 |     4 |    10 |    31 |    41 ||    92
       Dagger            |       |     5 |       |       |       ||     5
       War axe           |       |     2 |   104 |       |       ||   106
       Morningstar       |       |       |    28 |       |       ||    28
       Quarterstaff      |       |       |    20 |   359 |   525 ||   904
 Cast: Freeze            |    23 |    10 |     9 |     3 |       ||    45
       Frozen Ramparts   |       |    13 |    26 |    49 |    43 ||   131
       Ozocubu's Armour  |       |     6 |    21 |    62 |    51 ||   140
       Summon Ice Beast  |       |       |     2 |    25 |    34 ||    61
       Summon Lightning  |       |       |       |     8 |    16 ||    24
Invok: Curse Item        |       |       |     2 |     6 |     2 ||    10
       Shatter the Chain |       |       |       |     1 |     2 ||     3
  Use: Potion            |       |       |     1 |     2 |     2 ||     5
 Stab: Sleeping          |     3 |     4 |     6 |    17 |    19 ||    49
       Distracted        |       |       |     1 |     8 |    11 ||    20
Armor: Robe              |     3 |       |       |       |       ||     3
       Leather armour    |     9 |     8 |    61 |     3 |       ||    81
       Troll leather arm |       |       |       |   145 |   162 ||   307
Dodge: Dodged            |    50 |    30 |   136 |   315 |   410 ||   941

Table legend: (Time is in decaauts)
 A = Elapsed time spent in this place.
 B = Non-inter-level travel time spent in this place.
 C = Inter-level travel time spent in this place.
 D = Time resting spent in this place.
 E = Time spent auto-exploring this place.
 F = Levels seen in this place.
 G = Mean time per level.
                   A        B        C        D        E       F      G
               +--------+--------+--------+--------+--------+-----+--------+
         Total |  23610 |  22821 |    789 |   3745 |  12727 |  21 | 1124.3 |
       Dungeon |  17335 |  16640 |    695 |   3001 |   9338 |  13 | 1333.5 |
        Temple |    250 |    220 |     30 |      0 |    200 |   1 |  250.0 |
          Lair |   5826 |   5762 |     64 |    716 |   3110 |   6 |  971.0 |
      Gauntlet |    197 |    197 |      0 |     28 |     79 |   1 |  197.0 |
               +--------+--------+--------+--------+--------+-----+--------+

Top non-repeatable levels by time:
     D:7: 2465 daAuts
    D:13: 1938 daAuts
     D:4: 1577 daAuts
     D:1: 1456 daAuts
    D:12: 1376 daAuts
    D:10: 1353 daAuts
     D:3: 1224 daAuts
    D:11: 1217 daAuts
     D:9: 1116 daAuts
  Lair:2: 1115 daAuts
  Lair:5: 1106 daAuts
  Lair:6: 1077 daAuts
     D:5: 978 daAuts
  Lair:4: 947 daAuts
  Lair:1: 887 daAuts
